 Dungeon Crawl Stone Soup version 0.29-a0-88-g03a7b78be7 (webtiles) character file.

Game seed: 6175576492273550243

13 senseless the Scratcher (level 2, -2/14 HPs)
             Began as a Felid Fighter on Feb 5, 2022.
             Slain by a goblin (5 damage)
             ... on level 1 of the Dungeon.
             The game lasted 00:01:15 (229 turns).

senseless the Scratcher (Felid Fighter)              Turns: 229, Time: 00:01:16

Health: -2/14      AC:  1    Str: 12    XL:     2   Next: 24%
Magic:  3/3        EV: 18    Int:  9    God:
Gold:   34         SH:  0    Dex: 15    Spells: 1/1 levels left
                                        Lives:  0   Deaths: 0

rFire   . . .      SeeInvis +     - Unarmed
rCold   . . .      Faith    .   (shield unavailable)
rNeg    . . .      Spirit   .   (armour unavailable)
rPois   .          Reflect  .   (helmet unavailable)
rElec   .          Harm     .   (cloak unavailable)
rCorr   .          Rampage  .   (gloves unavailable)
Will    .....                   (boots unavailable)
Stlth   +.........              (no amulet)
HPRegen 0.04/turn               (no ring)
MPRegen 0.08/turn               (no ring)

@: quick
A: very small, claws 1, fangs 3, see invisible, speed 1, shaggy fur 1, stealthy
paws, no weapons or thrown items, no armour, multi-lived
a: no special abilities


You were on level 1 of the Dungeon.
You visited 1 branch of the dungeon, and saw 1 of its levels.

You collected 34 gold pieces.

Inventory:

Scrolls
 b - a scroll of enchant weapon {unknown}
Potions
 a - a potion of might


   Skills:
 + Level 3.1 Fighting
 + Level 4.1 Dodging
 + Level 4.3 Unarmed Combat


You had one spell level left.
You didn't know any spells.
Your spell library was empty.

Dungeon Overview and Level Annotations

Branches:
Dungeon (1/15)

Altars:


Innate Abilities, Weirdness & Mutations

You have sharp claws.
You have razor-sharp teeth.
You have supernaturally acute eyesight. (SInv)
You cover ground quickly. (Speed+)
You are covered in fur. (AC +1)
Your paws help you pounce on unaware monsters.
You are incapable of wielding weapons or throwing items.
You cannot wear armour.
You gain extra lives every three experience levels.


Message History

You scratch the frilled lizard.
You kill the frilled lizard!
No target in view!
b - a scroll labelled VULEOLO KUMEL You see here a frilled lizard corpse.
A kobold comes into view. It is wielding a +0 club.
The kobold shouts!
Found a stone staircase leading down.
A goblin comes into view. It is wielding a +0 dagger.
The kobold throws a stone.
The stone hits you.
A goblin comes into view. It is wielding a +1 dagger of speed.
The goblin shouts!
The kobold throws a stone.
The stone completely misses you.
A rat comes into view.
You barely miss the kobold.
The goblin shouts!
Your bite misses the kobold. The kobold hits you with a +0 club.
The goblin closely misses you.
The kobold throws a stone.
The stone misses you.
You miss the goblin. The goblin misses you.
You scratch the goblin. You bite the goblin.
You kill the goblin!
You closely miss the rat. You bite the rat, but do no damage.
The rat bites you.
You scratch the rat.
You kill the rat!
You barely miss the goblin. The goblin closely misses you.
You scratch the goblin.
The goblin is moderately wounded.
The goblin hits you with a +1 dagger of speed. x2
* * * LOW HITPOINT WARNING * * *
You are too injured to fight recklessly!
You are too injured to fight recklessly!
You closely miss the goblin.
The goblin is moderately wounded.
The goblin barely misses you.
You closely miss the goblin.
The goblin is moderately wounded.
The goblin hits you with a +1 dagger of speed.
You die...

.............>#
#.............#
...........#.....
######.#..........##
.......#..g........
#####..r#.........
.......gK.......#
#####...#####...#
#...#@..#...#
#.K.g#.†.#..#
#...#..†#...# ##
#...#####.#.# .#.#
#.........# # .#∩#.
#..##...#.# .....
#.......#.#
...........#...###.###
.........♣.#.........#


You could see a goblin and a kobold.

Vanquished Creatures
  2 ball pythons (D:1)
  A bat (D:1)
  4 goblins (D:1)
  A hobgoblin (D:1)
  A quokka (D:1)
  A frilled lizard (D:1)
  A rat (D:1)
11 creatures vanquished.

Notes
Turn   | Place    | Note
-------+----------+-------------------------------------------
     0 | D:1      | senseless the Felid Fighter began the quest for the Orb.
     0 | D:1      | Reached XP level 1. HP: 10/10 MP: 2/2
   198 | D:1      | Reached XP level 2. HP: 14/14 MP: 3/3
   229 | D:1      | Slain by a goblin

Illustrated notes

Levels and vault maps discovered:
D:1:      nzn_arrival_settlement, layout_basic, minmay_distorted

Action                   || total
-------------------------++-------
Melee: Unarmed           ||    32
       Bite              ||     4
 Stab: Sleeping          ||     1
Dodge: Dodged            ||    24

Table legend: (Time is in decaauts)
 A = Elapsed time spent in this place.
 B = Non-inter-level travel time spent in this place.
 C = Inter-level travel time spent in this place.
 D = Time resting spent in this place.
 E = Time spent auto-exploring this place.
 F = Levels seen in this place.
 G = Mean time per level.
                   A        B        C        D        E       F      G
               +--------+--------+--------+--------+--------+-----+--------+
         Total |    201 |    201 |      0 |      0 |    142 |   1 |  201.0 |
       Dungeon |    201 |    201 |      0 |      0 |    142 |   1 |  201.0 |
               +--------+--------+--------+--------+--------+-----+--------+

Top non-repeatable levels by time:
     D:1: 201 daAuts
